AoeStats
← n13s

Arabia

510959566Analyzed
3v3 RM · 8h ago on Oct 3, 2026· 38m 30s· 6 players
Game mode
Random Map
Map size
Normal (6 player)
Population
200
Speed
Normal
Resources
Standard
Victory
Conquest
Starting age
Dark Age
Ending age
Imperial Age
RankedLock teamsTeams togetherTeam positionsShared explorationLock speedFull tech treeHidden civsTurbo modeCheats
Victory
Defeat
🇲🇽 Wu · Mexico
1192
+15
🇲🇽 Magyars · Mexico
1180
+16
🇲🇽 Britons · Mexico
1165
+16
🇪🇸 Aztecs · Spain
1223
-17
🇵🇪 Mongols · Peru
1208
-17
🇫🇷 Berbers · France
1100
-13
alvarojas01
2:20 Loom
7:07 Loom
9:32 Feudal Age
9:33 Man-at-Arms
10:06 Double-Bit Axe
14:22 Padded Archer Armor
14:16 Fletching
17:55 Wheelbarrow
22:01 Castle Age
20:57 Gold Mining
22:39 Bodkin Arrow
22:05 Crossbowman
24:20 Gold Shaft Mining
24:02 Bow Saw
24:55 Leather Archer Armor
25:31 Horse Collar
35:44 Imperial Age
33:40 Forging
33:36 Scale Barding Armor
33:38 Light Cavalry
34:19 Husbandry
34:29 Bloodlines
36:29 Chain Barding Armor
36:44 Iron Casting
36:55 Ballistics
37:16 Bracer
36:51 Arbalester
39:54 Chemistry
Mick_MartS
7:36 Loom
9:47 Feudal Age
9:55 Man-at-Arms
14:30 Double-Bit Axe
15:34 Gold Mining
17:08 Fletching
17:58 Padded Archer Armor
24:40 Castle Age
24:19 Wheelbarrow
24:54 Crossbowman
25:31 Bodkin Arrow
28:55 Bow Saw
29:12 Horse Collar
30:48 Heavy Plow
30:21 Pikeman
31:21 Leather Archer Armor
31:01 Light Cavalry
31:55 Forging
32:28 Stone Mining
33:14 Elite Skirmisher
36:44 Yeomen
39:12 Ballistics
saicosker.
9:14 Feudal Age
7:40 Loom
9:49 Double-Bit Axe
9:45 Horse Collar
14:44 Wheelbarrow
18:27 Castle Age
17:25 Gold Mining
17:58 Bloodlines
17:57 Scale Barding Armor
19:08 Heavy Plow
19:41 Husbandry
22:31 Bow Saw
26:07 Gold Shaft Mining
29:09 Hand Cart
29:10 Town Watch
32:06 Town Patrol
40:07 Imperial Age
38:53 Chain Barding Armor
38:38 Treadmill Crane
n13s
5:03 Loom
11:13 Feudal Age
12:08 Town Watch
13:28 Wheelbarrow
12:47 Double-Bit Axe
17:19 Castle Age
15:18 Horse Collar
18:00 Scale Mail Armor
18:48 Arson
22:58 Chain Mail Armor
23:16 Eagle Warrior
25:28 Squires
27:51 Forging
35:25 Iron Casting
EliJaHood
8:34 Loom
10:52 Feudal Age
20:47 Horse Collar
25:34 Castle Age
25:38 Double-Bit Axe
26:24 Scale Barding Armor
33:18 Bloodlines
CID JEAN
6:33 Loom
8:31 Feudal Age
8:58 Man-at-Arms
12:03 Double-Bit Axe
15:00 Fletching
19:16 Padded Archer Armor
22:33 Town Watch
26:32 Castle Age
25:30 Gold Mining
25:23 Horse Collar
26:39 Crossbowman
27:56 Bodkin Arrow
32:00 Ballistics
32:27 Wheelbarrow
35:06 Bow Saw
36:32 Leather Archer Armor
Connection lost

Rejoining the realm…

Still unreachable

The connection could not be restored.

Session expired

The server has moved on; the page needs a fresh start.